 Dungeon Crawl Stone Soup version 0.19-b1-3-g7dea586 (webtiles) character file.

1835 tv1990 the Blocker (level 9, -6/64 HPs)
             Began as a Formicid Monk on Oct 28, 2016.
             Mangled by an orc warrior
             ... wielding a +0 war axe
              (12 damage)
             ... on level 7 of the Dungeon.
             The game lasted 00:20:02 (6738 turns).

tv1990 the Blocker (Formicid Monk)                  Turns: 6738, Time: 00:20:03

Health: -6/64      AC: 10    Str: 17    XL:     9   Next: 33%
Magic:  9/9        EV:  8    Int:  9    God:
Gold:   343        SH: 11    Dex: 16    Spells: 0 memorised, 8 levels left

rFire  . . .     SeeInvis +     q - +0 war axe
rCold  . . .     Gourm    .     r - +0 chain mail
rNeg   . . .     Faith    .     p - +0 shield
rPois  .         Spirit   .     (helmet unavailable)
rElec  .         Reflect  .     o - +1 cloak
rCorr  .         Harm     .     (no gloves)
MR     +....                    (no boots)
Stlth  ..........               (no amulet)
                                (no ring)
                                d - ring of protection from magic

@: no status effects
A: permanent stasis, dig shafts and tunnels, four strong arms, antennae 3
a: Dig, Shaft Self


You were on level 7 of the Dungeon.
You were not hungry.

You visited 2 branches of the dungeon, and saw 8 of its levels.

You collected 343 gold pieces.

Inventory:

Hand Weapons
 a - a +1 hand axe
 q - a +0 war axe (weapon)
 y - a +0 vampiric hand axe
Armour
 b - a +0 robe
 e - a +0 ring mail
 o - a +1 cloak (worn)
 p - a +0 shield (worn)
 r - a +0 chain mail (worn)
Jewellery
 d - a ring of protection from magic (left hand)
Wands
 k - a wand of lightning (13/15)
Scrolls
 f - 3 scrolls of magic mapping {unknown}
 m - a scroll of enchant armour
 u - a scroll of recharging
 w - a scroll of noise
 x - 2 scrolls of remove curse
 z - a scroll of identify
 B - a scroll of enchant weapon
Potions
 g - 2 potions of flight {unknown}
 h - 4 potions of might
 i - 3 potions of curing {unknown}
 l - 4 potions of mutation {unknown}
 n - 4 potions of agility
 s - 2 potions of invisibility {unknown}
 t - a potion of cure mutation
 v - a potion of berserk rage {unknown}
 A - a potion of brilliance {unknown}
Comestibles
 c - 7 bread rations
 j - 8 chunks of flesh


   Skills:
 - Level 3.2 Fighting
 + Level 9.0 Axes
 - Level 2.6 Dodging
 - Level 2.4 Stealth
 - Level 9.2 Shields


You had 8 spell levels left.
You didn't know any spells.

Dungeon Overview and Level Annotations

Branches:
Dungeon (7/15)             Temple (1/1) D:4

Altars:
Ashenzari
Cheibriados
Dithmenos
Elyvilon
Fedhas
Gozag
Hepliaklqana
Kikubaaqudgha
Nemelex Xobeh
Qazlal
Ru
Sif Muna
Trog
Uskayaw
Vehumet
Xom
Yredelemnul
The Shining One


Innate Abilities, Weirdness & Mutations

You are under a permanent stasis effect.
You can dig through walls and to a lower floor.
Your four strong arms can wield two-handed weapons with a shield.
You have a pair of large antennae on your head. (SInv)


Message History

You are no longer poisoned.
You slash the orc warrior!
The orc warrior is heavily wounded.
The orc warrior barely misses you.
You hit the orc warrior but do no damage.
The orc warrior is heavily wounded.
The orc warrior hits you with a war axe!
* * * LOW HITPOINT WARNING * * *
Your chain mail prevents you from hitting the orc warrior.
The orc warrior is heavily wounded.
The orc warrior hits you with a war axe!
* * * LOW HITPOINT WARNING * * *
You hit the orc warrior.
The orc warrior is heavily wounded.
The orc warrior hits you with a war axe.
* * * LOW HITPOINT WARNING * * *
You hit the orc warrior.
The orc warrior is severely wounded.
The orc warrior hits you with a war axe!
You die...

{ #.#. #.......# #
#.#.###########........
#.#......................
#..<..{.†.########'#.####
..#.......# #.#.# #
...o.....{{# #.#.# #
......###{## #.#.# #
.o.... ##o# #(#.# # .....
#@## #.#.# # ..... ###
#.#.# # .... ### # =... #
#


You could see an orc warrior.

Vanquished Creatures
  A hungry ghost (D:7)
  An ice beast (D:6)
  A centaur (D:5)
  2 bullfrogs (D:6)
  2 scorpions
  5 wights (D:7)
  2 howler monkeys
  2 crimson imps
  A centaur skeleton (D:6)
  A centaur zombie (D:6)
  2 bullfrog skeletons
  5 orc wizards
  An orc priest (D:4)
  5 hounds
  Jessica (D:2)
  Ijyb (D:2)
  2 iguanas
  6 worker ants
  2 hound zombies (D:5)
  11 adders
  An ooze (D:6)
  An adder zombie (D:5)
  2 worms
  A dart slug (D:1)
  4 leopard geckos
  18 orcs
  A ball python (D:2)
  11 bats
  5 giant cockroaches
  10 goblins
  12 hobgoblins
  17 jackals
  2 quokkas
  6 frilled lizards
  A giant cockroach zombie (D:6)
  5 kobolds
  2 leopard gecko skeletons
  8 rats
161 creatures vanquished.

Notes
Turn   | Place    | Note
-------+----------+-------------------------------------------
     0 | D:1      | tv1990 the Formicid Monk began the quest for the Orb.
     0 | D:1      | Reached XP level 1. HP: 18/18 MP: 1/1
   283 | D:1      | Reached XP level 2. HP: 18/24 MP: 2/2
   614 | D:1      | Reached XP level 3. HP: 26/29 MP: 3/3
  1046 | D:2      | Found a hide-covered altar of Uskayaw.
  1228 | D:2      | Reached XP level 4. HP: 24/35 MP: 4/4
  1304 | D:2      | Noticed Jessica
  1314 | D:2      | Killed Jessica
  1314 | D:2      | Reached skill level 5 in Axes
  1521 | D:2      | Found a faded altar of an unknown god.
  1559 | D:2      | Reached XP level 5. HP: 38/41 MP: 5/5
  1603 | D:2      | Noticed Ijyb
  1615 | D:2      | Killed Ijyb
  1988 | D:2      | Reached skill level 1 in Shields
  2315 | D:3      | Reached XP level 6. HP: 23/47 MP: 6/6
  3544 | D:4      | Reached XP level 7. HP: 13/52 MP: 7/7
  3960 | D:4      | Reached skill level 5 in Shields
  4001 | D:4      | Found a bloodstained altar of Trog.
  4131 | D:4      | Found a staircase to the Ecumenical Temple.
  4137 | Temple   | Entered the Ecumenical Temple
  4357 | D:5      | Entered Level 5 of the Dungeon
  4537 | D:5      | Reached XP level 8. HP: 49/58 MP: 8/8
  4962 | D:5      | Found a shadowy altar of Dithmenos.
  5480 | D:6      | Found a shattered altar of Ashenzari.
  5596 | D:6      | Found a sparkling altar of Nemelex Xobeh.
  5799 | D:6      | Found a hazy altar of Hepliaklqana.
  6127 | D:7      | Reached XP level 9. HP: 44/64 MP: 9/9
  6417 | D:7      | Found a snail-covered altar of Cheibriados.
  6417 | D:7      | Found a white marble altar of Elyvilon.
  6738 | D:7      | Mangled by an orc warrior

Skill      XL: |  1  2  3  4  5  6  7  8  9 |
---------------+----------------------------+-----
Axes           | 4 5 6 7 9 |  9.0
Shields        | 2 4 6 8 9 |  9.2
Fighting       | |  3.2
Dodging        | |  2.6
Stealth        | |  2.4

Action                   |  1- 3 |  4- 6 |  7- 9 || total
-------------------------+-------+-------+-------++-------
Melee: Hand axe          |   157 |   125 |       ||   282
       War axe           |       |   119 |   408 ||   527
 Abil: Dig               |       |     2 |     5 ||     7
  Use: Scroll            |     2 |     9 |     3 ||    14
       Potion            |       |     1 |       ||     1
 Stab: Sleeping          |     4 |       |       ||     4
  Eat: Chunk             |     1 |     8 |    10 ||    19
       Meat ration       |       |       |     2 ||     2
       Pizza             |       |       |     1 ||     1
       Beef jerky        |       |       |     1 ||     1
Armor: Robe              |     7 |       |       ||     7
       Ring mail         |    57 |    50 |       ||   107
       Chain mail        |       |    76 |   184 ||   260
Dodge: Dodged            |   134 |   102 |   118 ||   354
Block: Shield            |       |       |   130 ||   130

Table legend:
 A = Turns spent in this place as a percentage of turns spent in the entire game.
 B = Non-inter-level travel turns spent in this place as a percentage of non-inter-level travel turns spent in the entire game.
 C = Inter-level travel turns spent in this place as a percentage of turns spent in this place.
 D = Turns resting spent in this place as a percentage of non-inter-level travel turns spent in this place.
 E = Turns spent auto-exploring this place as a percentage of non-inter-level travel turns spent in this place.
 F = Non-inter-level travel turns spent in this place divided by the number of levels of this place that you've seen.
                   A       B       C       D       E      F
               +-------+-------+-------+-------+-------+----------------------
         Total | 100.0 | 100.0 |   0.4 |   2.4 |  15.2 | 232.2
       Dungeon |  99.6 |  99.6 |   0.4 |   2.4 |  14.9 | 264.4
        Temple |   0.4 |   0.4 |  12.5 |   0.0 |  85.7 |   7.0
               +-------+-------+-------+-------+-------+----------------------

Table legend:
 A = Kills in this place as a percentage of kills in entire the game.
 B = Kills by you in this place as a percentage of kills by you in the entire game.
 C = Kills by friends in this place as a percentage of kills by friends in the entire game.
 D = Other kills in this place as a percentage of other kills in the entire game.
 E = Experience gained in this place as a percentage of experience gained in the entire game.
 F = Experience gained in this place divided by the number of levels of this place that you have seen.
                   A       B       C       D       E      F
               +-------+-------+-------+-------+-------+----------------------
         Total | 100.0 | 100.0 |  -nan |  -nan | 100.0 | 327.8
       Dungeon | 100.0 | 100.0 |  -nan |  -nan | 100.0 | 374.6
               +-------+-------+-------+-------+-------+----------------------

Vault maps used:
D:1:      elethiomel_arrival_infinity_welcomes_careful_drivers
D:2:      eat_drink_and_be_merry_uskayaw, ecumenical_altar_1, uniq_iyjb,
          uniq_jessica
D:4:      trog_hazing_becter
D:5:      kennysheep_mini_moat, first_bread
D:6:      nicolae_overflow_hidden_temple, evilmike_ruin_ashenzari,
          nemelex_lonely_heart_becter
D:7:      kennysheep_little_box, amethyst_overflow_temple_binary,
          grunt_ogre_cave, grunt_decor_one_mirror, minmay_misc_feat_more_columns
Temple:   minmay_temple_bridge_abc
